Unix NetHack Version 5.0.0-0 post-release - last build Jun 10 2026 00:39:30 (3ee93aec679c4c4259841fe613dc97188e26a321,branch:main).

Game began 2026-06-23 18:19:05, ended 2026-06-23 18:25:19.

DaveT, lawful male human Priest

                                  --------
                                  |.@....|
                      -----       |.Z..>.-
     ----------       |<..|       |......|
     |...{....|       |....#      --|-----
     |........|      #...^|#        #
     |........-##`   #-----#        #
     |........|      #     #        #
     ---.--|---      #     #       ##
        ## #        ##   ###       #
         ##         #    # --------|------
          #         #    #|`.............|
          ###       #    #|...............
            ####    #    #|.....(........|
        -------.----#    #...............|
        |..........|#     ----------------
        |..........|#
        |..........-#
        ------------

DaveT the Acolyte            St:14 Dx:11 Co:14 In:10 Wi:18 Ch:9  Lawful
Dlvl:4  $:42 HP:0(27) Pw:47(47) AC:4  Xp:3 T:1811  Burdened

Latest messages:
 You have a little trouble removing a studded leather armor.  Continue? [ynq] (q) y
 You have a little trouble removing B - a studded leather armor.
 p - 3 potions of healing (4 in total).
 Your movements are slowed slightly because of your load.
 What do you want to take off? [bck or ?*] b
 You were wearing a burnt +0 robe.
 What do you want to wear? [bAB or ?*] ?
 You finish your dressing maneuver.
 What do you want to wear? [bA or ?*] b
 You are now wearing a robe.
 This door is locked.
 Unlock it with your key? [ynq] (q) y
 You succeed in unlocking the door.
 In what direction? k
 The door opens.
 You find a hidden door.
 The door opens.
 The newt misses!
 The orc zombie misses!
 You miss the newt.
 The newt bites!
 You kill the newt!
 The orc zombie hits!
 You hit the iguana.
 Your hands no longer glow so brightly red.
 The iguana appears confused.
 The orc zombie hits!
 The iguana misses the orc zombie.
 The orc zombie hits!
 You miss the iguana.
 You hit the iguana.
 You miss the iguana.
 You hear the footsteps of a guard on patrol.
 The iguana bites!
 You hit the iguana.
 The iguana bites the orc zombie.
 You kill the iguana!
 The orc zombie misses!
 The orc zombie hits!
 The orc zombie hits!
 The orc zombie hits!
 You hit the orc zombie.
 Your hands no longer glow so brightly red.
 The orc zombie appears confused.
 You miss the orc zombie.
 The orc zombie hits!
 The orc zombie hits!
 You die...
 Do you want your possessions identified? [ynq] (y) y
 Do you want to see your attributes? [ynq] (y) q

Inventory:
 Coins    ('$')
  $ - 42 gold pieces
 Weapons  (')')
  j - 10 +0 arrows (in quiver)
  w - 5 +0 darts
  l - 3 +0 orcish daggers
  q - a cursed -4 orcish dagger
  a - a blessed +1 mace
 Armor    ('[')
  k - a +0 orcish helm (being worn)
  t - a cursed +0 large shield
  c - a +0 small shield (being worn)
  A - a +0 cloak of invisibility
  b - a burnt +0 robe (being worn)
  B - a +0 studded leather armor (being worn)
 Comestibles  ('%')
  e - a clove of garlic
  x - a lembas wafer
  f - 2 sprigs of wolfsbane
 Spellbooks  ('+')
  h - a spellbook of detect food
  g - a spellbook of detect monsters
  o - a spellbook of detect unseen
 Potions  ('!')
  p - 4 potions of healing
  d - 4 potions of holy water
  u - 2 potions of water
 Tools    ('(')
  i - a magic marker (0:19)
  m - a cursed skeleton key
  y - a tinning kit (0:64)
 Gems/Stones  ('*')
  r - an amber stone

DaveT the Priest's attributes:

Background:
 You were an Acolyte, a level 3 human Priest.
 You were lawful, on a mission for Issek
 who was opposed by Mog (neutral) and Kos (chaotic).
 You were right-handed.
 You were in the Dungeons of Doom, on level 4.
 You entered the dungeon 1811 turns ago.
 You had 51 experience points, 29 more were needed to attain level 4.

Basics:
 You had 0 out of 27 hit points.
 You had all 47 energy points (spell power).
 Your armor class was 4.
 Your wallet contained 42 zorkmids.
 Autopickup was off.

Final Characteristics:
 Your strength was 14 (limit:18/100).
 Your dexterity was 11 (limit:18).
 Your constitution was 14 (limit:18).
 Your intelligence was 10 (limit:18).
 Your wisdom was 18 (limit:18).
 Your charisma was 9 (limit:18).

Final Status:
 You weren't hungry.
 You were burdened; movement was slightly slowed.
 You were bare handed.
 You were unskilled in bare handed combat.

Final Attributes:
 You were devoutly aligned.
 You were telepathic.
 You would have confused monsters when hitting them.
 You were guarded.
 Your spell casting was enhanced by wearing a robe.
 You are dead.

Miscellaneous:
 You didn't encounter any bones levels.
 Total elapsed playing time was 6 minutes and 13 seconds.

Major events:
 Turn
    1: DaveT the lawful human Priest entered the dungeon
 1083: entered the Gnomish Mines
 1586: attained the rank of Acolyte (level 3)
 1811: killed by an orc zombie

Spells:
 Name                 Level Category     Fail Retention
 detect monsters        1   divination     0%  76%-100%
 detect food            2   divination    46%  76%-100%

Skills:
 Fighting Skills
   bare handed combat [Unskilled]
 Weapon Skills
   club               [Unskilled]
   mace               [Basic]
   morning star       [Unskilled]
   flail              [Unskilled]
   hammer             [Unskilled]
   quarterstaff       [Unskilled]
   polearms           [Unskilled]
   spear              [Unskilled]
   trident            [Unskilled]
   lance              [Unskilled]
   bow                [Unskilled]
   sling              [Unskilled]
   crossbow           [Unskilled]
   dart               [Unskilled]
   shuriken           [Unskilled]
   boomerang          [Unskilled]
   unicorn horn       [Unskilled]
 Spellcasting Skills
   healing spells     [Unskilled]
   divination spells  [Unskilled]
   clerical spells    [Basic]

Voluntary challenges:
 Character rerolling was not enabled.
 You never genocided any monsters.
 You never polymorphed an object.
 You never changed form.
 You used no wishes.
Achievements:
 You entered a shop.
 You entered the Gnomish Mines.
 You attained the rank of Acolyte.

 The Dungeons of Doom: levels 1 to 4
    Level 1:
       An altar to Issek, some fountains, a sink.
    Level 2:
       A potion shop.
    Level 3:
       Some fountains.
       Stairs down to The Gnomish Mines.
    Level 4: <- You were here.
       A fountain.
       Final resting place for
          you, killed by an orc zombie.
 The Gnomish Mines:
    Level 4:


Vanquished creatures:
  a floating eye
  a wererat
 an iguana
 an acid blob
  a gas spore
  a gnome
  2 jackals
  4 goblins
  a sewer rat
  3 grid bugs
  2 lichens
  5 newts
23 creatures vanquished.

No species were genocided or became extinct.

Game over:
                       ----------
                      /          \
                     /    REST    \
                    /      IN      \
                   /     PEACE      \
                  /                  \
                  |      DaveT       |
                  |      42 Au       |
                  | killed by an orc |
                  |      zombie      |
                  |                  |
                  |                  |
                  |       2026       |
                 *|     *  *  *      | *
        _________)/\\_//(\/(/\)/\//\/|_)_______

Goodbye DaveT the Priest...

You died in The Dungeons of Doom on dungeon level 4 with 422 points,
and 42 pieces of gold, after 1811 moves.
You were level 3 with a maximum of 27 hit points when you died.

